Map: Terraform LE (Void)

Players

HainAyu - Winner!

  • Race: Protoss Protoss
  • League: Grandmaster

SticklerMac

  • Race: Zerg Zerg
  • League: Silver

VOD

Have the link to the VOD?

Description

Time

  • Played on: Sept. 20, 2015, 3:13 p.m.
  • Length: 14:49
Show
View Real Time Build Order
Export as new Build Order

HainAyu Protoss - Winner!

Build Orders:  

Get SALT Encoding   

  12  0:00  Probe (Chrono Boost)  
  13  0:11  Probe (Chrono Boost)  
  14  0:18  Pylon  
  14  0:23  Probe (Chrono Boost)  
  15  0:36  Probe (Chrono Boost)  
  15  0:40  Gateway  
  16  0:45  Assimilator  
  16  0:48  Probe (Chrono Boost)  
  17  0:59  Probe (Chrono Boost)  
  18  1:11  Probe (Chrono Boost)  
  19  1:21  Probe (Chrono Boost)  
  20  1:27  Cybernetics Core  
  20  1:34  Pylon  
  20  1:36  Probe (Chrono Boost)  
  21  1:42  Zealot  
  23  1:50  Assimilator  
  23  1:51  Probe (Chrono Boost)  
  24  2:05  Warp Gate (Chrono Boost)  
  24  2:08  Nexus  
  24  2:13  Probe (Chrono Boost)  
  25  2:21  Adept  
  27  2:33  Pylon  
  27  2:35  Probe  
  28  2:48  Stalker  
  30  3:02  Gateway  
  30  3:07  Gateway  
  29  3:16  Pylon  
  29  3:26  Probe  
  30  3:35  Probe, Stargate  
  30  3:38  Probe  
  32  3:43  Pylon  
  32  3:45  Probe  
  33  3:50  Mothership Core  
  33  3:52  Sentry (Chrono Boost)  
  37  3:55  Probe  
  37  4:02  Forge  
  38  4:19  Probe  
  39  4:27  Zealot  
  39  4:28  Zealot  
  39  4:29  Probe  
  43  4:35  Oracle (Chrono Boost)  
  43  4:37  Protoss Ground Weapons Level 1 (Chrono Boost)  
  45  4:43  Stalker, Probe  
  48  4:52  Probe  
  48  4:54  Pylon  
  49  5:02  Probe  
  49  5:05  Phoenix (Chrono Boost)  
  52  5:12  Probe  
  52  5:13  Stalker x2  
  56  5:15  Adept  
  59  5:22  Probe  
  59  5:23  Probe  
  59  5:28  Phoenix  
  63  5:35  Probe  
  64  5:49  Probe  
  62  5:56  Robotics Facility  
  62  5:57  Void Ray  
  62  6:00  Probe  
  62  6:01  Probe  
  62  6:03  Pylon  
  68  6:05  Assimilator x2  
  68  6:06  Zealot x3  
  68  6:10  Probe  
  75  6:37  Sentry  
  75  6:38  Probe, Zealot  
  79  6:44  Immortal (Chrono Boost), Nexus, Pylon  
  80  6:47  Protoss Shields Level 1 (Chrono Boost)  
  80  6:48  Probe  
  80  6:50  Pylon  
  85  7:06  Photon Cannon  
  85  7:08  Gateway  
  85  7:11  Gateway  
  85  7:13  Gateway  
  85  7:15  Photon Cannon  
  85  7:19  Pylon  
  85  7:23  Probe, Pylon  
  86  7:33  Immortal  
  86  7:35  Probe, Pylon  
  91  7:49  Twilight Council  
  90  8:10  Zealot  
  92  8:13  Probe  
  93  8:22  Pylon  
  93  8:23  Probe  
  93  8:26  Stalker x2  
  98  8:27  Stalker  
  98  8:29  Immortal  
  98  8:30  Void Ray (Chrono Boost)  
  104  8:39  Charge  
  108  8:49  Stalker, Gateway  
  108  8:52  Sentry  
  112  9:00  Probe  
  113  9:05  Assimilator  
  113  9:10  Probe  
  114  9:17  Robotics Bay  
  114  9:20  Probe x2  
  114  9:24  Dark Shrine, Pylon  
  116  9:30  Probe  
  116  9:33  Probe  
  118  9:38  Gateway  
  118  9:40  Stalker x3, Probe  
  118  9:41  Zealot  
  118  9:42  Zealot  
  118  9:45  Adept  
  131  9:54  Photon Cannon  
  131  9:58  Probe  
  132  10:04  Colossus  
  131  10:10  Probe  
  131  10:12  Extended Thermal Lance  
  138  10:21  Void Ray (Chrono Boost)  
  142  10:30  Zealot  
  144  10:44  Fleet Beacon  
  144  10:48  Colossus  
  144  10:49  Dark Templar x2  
  148  10:50  Dark Templar  
  156  11:13  Probe  
  157  11:46  Probe  
  152  11:49  Void Ray (Chrono Boost)  
  156  11:59  Stargate  
  156  12:03  Stargate  
  156  12:14  Pylon  
  156  12:16  Pylon  
  156  12:24  Colossus  
  156  12:26  Pylon  
  156  12:29  Pylon  
  156  12:30  Void Ray (Chrono Boost)  
  156  12:32  Pylon  
  142  13:03  Zealot x2  
  142  13:04  Zealot x4  
  142  13:05  Zealot  
  152  13:11  Void Ray (Chrono Boost)  
  134  13:19  Void Ray x2 (Chrono Boost)  
  142  13:25  Photon Cannon  
  148  13:35  Dark Templar x2  
  148  13:36  Dark Templar x2  
  148  13:37  Zealot x2  
  148  13:38  Zealot  
  148  13:40  Archon  
  148  13:41  Archon  
  162  14:15  Nexus  
  170  14:17  Phoenix  
  172  14:26  Nexus, Assimilator  
Show
View Real Time Build Order
Export as new Build Order

SticklerMac Zerg 

Build Orders: Hatch First 

Get SALT Encoding   

  12  0:00  Drone  
  13  0:08  Drone  
  14  0:17  Overlord  
  14  0:36  Drone x3  
  17  0:54  Hatchery  
  17  0:56  Drone  
  17  1:03  Drone  
  18  1:07  Extractor  
  18  1:09  Extractor  
  18  1:10  Drone  
  18  1:22  Spawning Pool  
  18  1:24  Drone  
  18  1:30  Drone  
  19  1:41  Overlord  
  19  1:52  Drone  
  20  2:09  Zergling x4  
  20  2:14  Drone  
  20  2:15  Queen x2  
  23  2:18  Metabolic Boost  
  23  2:21  Drone  
  27  2:26  Drone  
  27  2:28  Drone  
  29  2:37  Zergling x2  
  29  2:40  Drone  
  31  2:45  Drone  
  31  2:49  Drone  
  33  3:04  Zergling x4  
  35  3:11  Zergling x2  
  36  3:19  Lair  
  36  3:25  Roach Warren, Overlord  
  36  3:26  Overlord x2  
  35  4:00  Drone x5, Extractor  
  35  4:01  Drone x5  
  35  4:02  Drone x2  
  46  4:11  Drone x2  
  48  4:17  Queen  
  48  4:19  Queen  
  51  4:24  Hatchery  
  50  4:48  Drone x4  
  50  4:49  Drone x5  
  50  4:51  Extractor  
  58  4:53  Spore Crawler  
  58  4:54  Extractor  
  58  4:55  Spore Crawler  
  58  4:57  Spore Crawler x2  
  53  5:05  Drone x2  
  55  5:09  Drone  
  55  5:10  Drone  
  55  5:12  Drone, Spire  
  57  5:55  Overlord x6  
  57  6:02  Queen  
  56  6:25  Roach  
  56  6:26  Roach x13  
  56  6:27  Mutalisk x3  
  56  6:29  Mutalisk  
  90  6:38  Corruptor  
  92  7:04  Mutalisk x2  
  92  7:06  Mutalisk  
  98  7:10  Roach  
  98  7:11  Roach  
  98  7:14  Zergling x2  
  98  7:15  Zergling x22  
  114  7:29  Overlord x2  
  114  7:30  Overlord x2  
  114  7:31  Overseer  
  114  7:41  Overlord  
  114  7:42  Overlord x3  
  113  8:08  Corruptor  
  113  8:09  Corruptor x4  
  124  8:12  Roach  
  124  8:13  Roach x4  
  130  8:32  Mutalisk x2  
  134  8:43  Drone x3  
  134  8:44  Drone x8  
  134  8:45  Drone x6  
  151  8:51  Mutalisk  
  151  8:52  Mutalisk  
  155  8:56  Roach  
  155  8:57  Roach  
  159  9:17  Extractor  
  159  9:19  Extractor  
  157  9:48  Roach x8  
  157  9:49  Roach x2  
  157  9:51  Overlord x2, Drone  
  157  9:52  Hatchery, Overlord  
  177  10:06  Hatchery  
  176  10:33  Mutalisk x9  
  194  10:36  Zergling x2  
  194  10:37  Zergling x10  
  200  10:44  Glial Reconstitution  
  181  11:41  Pneumatized Carapace  
  177  11:49  Drone x5  
  177  11:50  Drone x10  
  177  11:51  Drone x5  
  197  12:15  Corruptor  
  199  12:33  Ravager  
  101  13:08  Roach x10  
  101  13:09  Roach x21  
  101  13:10  Roach x12  
  153  13:28  Corruptor x6  
  153  13:30  Corruptor  
  167  13:43  Queen  
  167  13:46  Overlord x4  
  169  14:00  Roach x4  
  169  14:01  Roach x2  
  181  14:10  Extractor x2  
Tags
 
Add a new tag
Caveats
  • Supply blocks, unpowered buildings, or Contaminate may cause inaccurate times.
  • Supply counts are checked every 10 seconds.